Map: Pillars of Gold LE

Players

Groovy - Winner!

  • Race: Terran Terran
  • League: Master
  • Spawn Location: 1:00

Vox

  • Race: Protoss Protoss
  • League: Master
  • Spawn Location: 7:00

VOD

Have the link to the VOD?

Description

Time

  • Played on: Sept. 15, 2020, 12:05 a.m.
  • Length: 5:49
Show
View Real Time Build Order
Export as new Build Order

Groovy Terran - Winner!

Build Orders: 2 Factory, Cyclone Opening 

Get SALT Encoding   

  12  0:00  SCV  
  13  0:12  SCV  
  14  0:17  Supply Depot  
  14  0:24  SCV  
  15  0:29  Refinery  
  15  0:46  Barracks  
  15  0:52  SCV  
  16  1:03  Refinery  
  16  1:04  SCV  
  17  1:16  SCV  
  18  1:29  SCV  
  19  1:34  Reaper  
  20  1:42  Orbital Command  
  20  1:44  Factory  
  20  2:02  Supply Depot  
  20  2:06  Reaper  
  21  2:11  SCV  
  22  2:25  SCV  
  23  2:36  Factory Tech Lab  
  23  2:37  Factory  
  23  2:40  Reaper  
  24  2:45  SCV  
  25  2:57  Supply Depot, Mag-Field Accelerator  
  25  2:58  SCV, Cyclone  
  29  3:30  Factory Tech Lab  
  29  3:31  Cyclone  
  32  3:34  Command Center  
  32  3:50  Cyclone  
  35  4:01  SCV  
  34  4:03  Cyclone  
  37  4:13  SCV  
  38  4:19  Supply Depot  
  38  4:40  Cyclone  
  38  4:41  Cyclone  
  42  4:48  Marine  
  43  4:53  SCV  
  43  4:56  Command Center  
  43  5:13  Cyclone x2  
  48  5:41  Refinery  
Show
View Real Time Build Order
Export as new Build Order

Vox Protoss 

Build Orders: 1 Gate Expand, Phoenix Opening 

Get SALT Encoding   

  12  0:00  Probe  
  13  0:12  Probe  
  14  0:18  Pylon  
  14  0:25  Probe  
  15  0:37  Probe  
  15  0:41  Gateway  
  16  0:46  Assimilator  
  16  0:49  Probe (Chrono Boost)  
  17  0:58  Probe (Chrono Boost)  
  17  1:03  Probe (Chrono Boost)  
  19  1:15  Probe (Chrono Boost)  
  20  1:28  Nexus  
  20  1:29  Probe (Chrono Boost)  
  21  1:41  Cybernetics Core  
  21  1:48  Pylon  
  21  1:50  Probe  
  22  1:57  Assimilator  
  22  2:02  Probe  
  23  2:14  Probe  
  24  2:17  Stargate, Adept (Chrono Boost)  
  26  2:26  Probe  
  25  2:43  Probe (Chrono Boost)  
  27  2:44  Probe (Chrono Boost)  
  27  2:53  Probe (Chrono Boost)  
  27  2:55  Probe (Chrono Boost)  
  27  2:58  Probe (Chrono Boost)  
  29  3:03  Phoenix (Chrono Boost)  
  29  3:04  Warp Gate  
  32  3:06  Probe  
  32  3:09  Probe  
  34  3:18  Probe  
  34  3:19  Adept  
  37  3:21  Probe  
  38  3:28  Phoenix  
  38  3:37  Gateway  
  38  3:39  Gateway  
  38  3:49  Pylon  
  38  3:51  Gateway  
  38  3:58  Pylon  
  38  4:07  Probe x2  
  38  4:08  Phoenix (Chrono Boost)  
  42  4:19  Probe x2  
  42  4:21  Nexus  
  44  4:24  Pylon  
  46  4:31  Probe x2  
  46  4:35  Phoenix (Chrono Boost)  
  44  4:53  Stalker  
  44  4:54  Zealot x2  
  52  5:12  Pylon  
  46  5:22  Pylon x2  
  46  5:23  Probe x2  
  46  5:27  Phoenix (Chrono Boost)  
  46  5:28  Shield Battery  
  46  5:34  Stalker x2  
  46  5:35  Probe  
Tags
 
Add a new tag
Caveats
  • Supply blocks, unpowered buildings, or Contaminate may cause inaccurate times.
  • Supply counts are checked every 10 seconds.